 Dungeon Crawl Stone Soup version 0.23.2-1-ga50397a6bc (webtiles) character file.

Game seed: 14923042247233367323

342 Menchi the Shield-Bearer (level 6, -4/53 HPs)
             Began as a Gnoll Fighter on May 8, 2019.
             Slain by a wyvern (13 damage)
             ... on level 5 of the Dungeon.
             The game lasted 00:03:27 (2593 turns).

Menchi the Shield-Bearer (Gnoll Fighter)            Turns: 2593, Time: 00:03:28

Health: -4/53      AC:  7    Str: 21    XL:     6   Next: 57%
Magic:  9/9        EV: 11    Int: 10    God:
Gold:   206        SH:  0    Dex: 14    Spells: 9/9 levels left

rFire    . . .     SeeInvis .   a - +0 long sword
rCold    . . .     Gourm    .   (no shield)
rNeg     . . .     Faith    .   b - +0 scale mail
rPois    +         Spirit   .   (no helmet)
rElec    .         Reflect  .   (no cloak)
rCorr    .         Harm     .   (no gloves)
MR       .....                  (no boots)
Stlth    +.........             (no amulet)
HPRegen  0.17/turn              m - ring of poison resistance
MPRegen  0.11/turn              (no ring)

@: no status effects
A: distributed training, fangs 1, strong nose
a: no special abilities


You were on level 5 of the Dungeon.
You were not hungry.

You visited 1 branch of the dungeon, and saw 5 of its levels.

You collected 206 gold pieces.

Inventory:

Hand Weapons
 a - a +0 long sword (weapon)
Armour
 b - a +0 scale mail (worn)
Jewellery
 m - a ring of poison resistance (left hand)
Scrolls
 g - 4 scrolls of identify {unknown}
 j - 4 scrolls of remove curse {unknown}
 n - a scroll of blinking {unknown}
 o - 6 scrolls of teleportation {unknown}
 p - a scroll of immolation {unknown}
 s - a scroll of fear {unknown}
Potions
 c - a potion of lignification {unknown}
 d - a potion of might
 e - 2 potions of haste {unknown}
 h - 3 potions of curing {unknown}
 i - 3 potions of brilliance {unknown}
 k - a potion of resistance {unknown}
 l - a potion of cancellation {unknown}
 q - a potion of flight {unknown}
 r - 3 potions of heal wounds {unknown}
 u - a potion of agility {unknown}
Comestibles
 f - 12 rations


   Skills:
 + Level 6.8 Fighting
 + Level 2.0 Short Blades
 + Level 5.0 Long Blades
 + Level 2.0 Axes
 + Level 2.0 Maces & Flails
 + Level 2.0 Polearms
 + Level 2.0 Staves
 + Level 2.0 Slings
 + Level 2.0 Bows
 + Level 2.0 Crossbows
 + Level 2.0 Throwing
 + Level 6.8 Armour
 + Level 2.0 Dodging
 + Level 2.0 Stealth
 + Level 6.8 Shields
 + Level 2.0 Unarmed Combat
 + Level 2.0 Spellcasting
 + Level 1.5 Conjurations
 + Level 1.5 Hexes
 + Level 1.5 Charms
 + Level 1.5 Summonings
 + Level 1.5 Necromancy
 + Level 1.5 Translocations
 + Level 1.5 Transmutations
 + Level 1.5 Fire Magic
 + Level 1.5 Ice Magic
 + Level 1.5 Air Magic
 + Level 1.5 Earth Magic
 + Level 1.5 Poison Magic
 + Level 2.2 Invocations
 + Level 2.0 Evocations


You had 9 spell levels left.
You didn't know any spells.
Your spell library was empty.

Dungeon Overview and Level Annotations

Branches:
Dungeon (5/15)
 Temple: D:4-7

Altars:
Ashenzari
Ru
Sif Muna
Xom
Yredelemnul

Shops:
D:4 ?


Innate Abilities, Weirdness & Mutations

Your experience applies equally to all skills.
You have very sharp teeth.
Your uncanny sense of smell can sniff out nearby items.


Message History

The wyvern bites you but does no damage.
The frilled lizard bites you but does no damage.
The orc barely misses you.
There are monsters nearby!
You completely miss the wyvern. You bite the wyvern, but do no damage.
The wyvern is moderately wounded.
The wyvern closely misses you.
You riposte.
You barely miss the wyvern.
The wyvern is moderately wounded.
The wyvern bites you!
The frilled lizard bites you but does no damage.
The orc closely misses you.
You riposte.
You closely miss the orc. You slash the wyvern!
The wyvern is heavily wounded.
The wyvern bites you!
* * * LOW HITPOINT WARNING * * *
The frilled lizard bites you but does no damage.
The orc hits you.
* * * LOW HITPOINT WARNING * * *
The wyvern bites you!
You die...

∆ #. #..##.#...##.... ..
#. #.....#..<####.# #.
#. #.....#..## #.# #
#..#. #.....#..#####.#
#.#!.#.##...............
#.............#..#######
......#.##.####..#
.................#
......l@#.######.#
......ol#... #.#
....>#..##### #.#
##.###..# #.# #. #..# #
#... #.## #.


You could see a wyvern, an orc and a frilled lizard.

Vanquished Creatures
  A scorpion (D:4)
  Terence (D:3)
  An iguana (D:5)
  2 worker ants
  A hound skeleton (D:4)
  3 gnolls (D:2)
  6 adders
  4 oozes
  3 worms
  2 dart slugs
  3 leopard geckos
  5 orcs
  2 giant cockroaches
  9 goblins
  4 hobgoblins
  2 jackals (D:2)
  8 kobolds
  2 quokkas
  7 bats
  A frilled lizard (D:1)
  A leopard gecko skeleton (D:4)
  2 rats
70 creatures vanquished.

Notes
Turn   | Place    | Note
-------+----------+-------------------------------------------
     0 | D:1      | Menchi the Gnoll Fighter began the quest for the Orb.
     0 | D:1      | Reached XP level 1. HP: 23/23 MP: 1/1
    84 | D:1      | Reached XP level 2. HP: 29/29 MP: 2/2
   617 | D:2      | Reached XP level 3. HP: 34/35 MP: 3/3
   769 | D:2      | Found a shattered altar of Ashenzari.
   823 | D:2      | Reached skill level 1 in Invocations
   954 | D:2      | Found a sacrificial altar of Ru.
   962 | D:2      | Found a shimmering altar of Xom.
   963 | D:2      | Found a deep blue altar of Sif Muna.
   971 | D:2      | Reached skill level 1 in Short Blades
   971 | D:2      | Reached skill level 1 in Axes
   971 | D:2      | Reached skill level 1 in Maces & Flails
   971 | D:2      | Reached skill level 1 in Polearms
   971 | D:2      | Reached skill level 1 in Staves
   971 | D:2      | Reached skill level 1 in Slings
   971 | D:2      | Reached skill level 1 in Bows
   971 | D:2      | Reached skill level 1 in Crossbows
   971 | D:2      | Reached skill level 1 in Throwing
   971 | D:2      | Reached skill level 1 in Dodging
   971 | D:2      | Reached skill level 1 in Stealth
   971 | D:2      | Reached skill level 1 in Unarmed Combat
   971 | D:2      | Reached skill level 1 in Spellcasting
   971 | D:2      | Reached skill level 1 in Evocations
   989 | D:2      | Reached XP level 4. HP: 38/41 MP: 5/5
  1106 | D:2      | Found a faded altar of an unknown god.
  1141 | D:2      | Reached skill level 1 in Conjurations
  1141 | D:2      | Reached skill level 1 in Hexes
  1141 | D:2      | Reached skill level 1 in Charms
  1141 | D:2      | Reached skill level 1 in Summonings
  1141 | D:2      | Reached skill level 1 in Necromancy
  1141 | D:2      | Reached skill level 1 in Translocations
  1141 | D:2      | Reached skill level 1 in Transmutations
  1141 | D:2      | Reached skill level 1 in Fire Magic
  1141 | D:2      | Reached skill level 1 in Ice Magic
  1141 | D:2      | Reached skill level 1 in Air Magic
  1141 | D:2      | Reached skill level 1 in Earth Magic
  1141 | D:2      | Reached skill level 1 in Poison Magic
  1631 | D:3      | Reached XP level 5. HP: 29/47 MP: 6/6
  1656 | D:3      | Noticed Terence
  1670 | D:3      | Killed Terence
  1920 | D:3      | Found a basalt altar of Yredelemnul.
  2213 | D:4      | Found Ojaoch's Magic Scroll Shoppe.
  2270 | D:4      | Reached XP level 6. HP: 49/53 MP: 8/8
  2401 | D:4      | Reached skill level 5 in Long Blades
  2536 | D:5      | Entered Level 5 of the Dungeon
  2586 | D:5      | Noticed a wyvern
  2593 | D:5      | Slain by a wyvern

Skill      XL: |  1  2  3  4  5  6 |
---------------+-------------------+-----
Invocations    | 1 2 |  2.2
Short Blades   | 1 2 |  2.0
Axes           | 1 2 |  2.0
Maces & Flails | 1 2 |  2.0
Polearms       | 1 2 |  2.0
Staves         | 1 2 |  2.0
Slings         | 1 2 |  2.0
Bows           | 1 2 |  2.0
Crossbows      | 1 2 |  2.0
Throwing       | 1 2 |  2.0
Dodging        | 1 2 |  2.0
Stealth        | 1 2 |  2.0
Unarmed Combat | 1 2 |  2.0
Spellcasting   | 1 2 |  2.0
Evocations     | 1 2 |  2.0
Conjurations   | 1 |  1.5
Hexes          | 1 |  1.5
Charms         | 1 |  1.5
Summonings     | 1 |  1.5
Necromancy     | 1 |  1.5
Translocations | 1 |  1.5
Transmutations | 1 |  1.5
Fire Magic     | 1 |  1.5
Ice Magic      | 1 |  1.5
Air Magic      | 1 |  1.5
Earth Magic    | 1 |  1.5
Poison Magic   | 1 |  1.5
Long Blades    | 5 |  5.0
Fighting       | |  6.8
Armour         | |  6.8
Shields        | |  6.8

Action                   |  1- 3 |  4- 6 || total
-------------------------+-------+-------++-------
Melee: Long sword        |    57 |   146 ||   203
       Bite              |     6 |    28 ||    34
       Punch             |       |     2 ||     2
  Eat: Chunk             |       |     2 ||     2
       Ration            |       |     1 ||     1
Armor: Scale mail        |    26 |    60 ||    86
Dodge: Dodged            |    21 |    74 ||    95
       Rpst.: Long sword |     2 |    28 ||    30
